Unix NetHack Version 3.7.0-102 Work-in-progress - last build Apr 6 2024 13:22:21 (d302a6a9ff6341f1a922d8f5af178406b35fdf99,branch:master). Game began 2024-04-30 14:46:41, ended 2024-04-30 15:15:08. MalkMcJorma, chaotic male elven Ranger --------- ----------- |0.......#########.......>..| ----------- |.......| ####|.........+ ##..........| |...<....# # #|.....1...| --+-- # |.........| |.......|#########---+-.----- #-.[.| # -----.----- --------- #### #####0# ####%#########|{..-# # # # ####a@#d# ## #|...|# # # # # ## ---- ## # # --+------ # ##########################)[### |.......| # # # #########%## -.-- |........## # # #[#...| |.......| 1 # # |..| |.......| ######### # |.[| |........ ########### -.-.- ###)...| |.......| #--+---- # |...|##### |%.| --------- #......|## |..*-) ### +..| |......# |...| ---- ------- ----- MalkMcJorma the Trailblazer St:17 Dx:11 Co:15 In:13 Wi:13 Ch:9 Chaotic Dlvl:8 $:271 HP:0(42) Pw:36(36) AC:4 Xp:6/546 T:3098 Latest messages: You shoot 3 elven arrows. The 1st elven arrow misses the fire ant. The 2nd elven arrow hits the fire ant! The 3rd elven arrow hits the fire ant! You kill the fire ant! There is an open door here. You see here 9 blessed +2 elven arrows. You have a little trouble lifting c - 9 blessed +2 elven arrows (in quiver) (49 in total). You swap places with Warfrost. What do you want to remove? [IN or ?*] You sure are noisy. You were wearing an uncursed +2 elven cloak. What do you want to remove? [IN or ?*] You finish taking off your mail. What do you want to put on? [qr or ?*] You move very quietly. You are now wearing an elven cloak. What do you want to drop? [$a-fk-rt-zA-CEFH-JL-NQ-U or ?*] You drop a +0 splint mail. Your movements are now unencumbered. You swap places with Warfrost. You swap places with Warfrost. You swap places with Warfrost. What do you want to wield? [- abcd or ?*] a - an uncursed +1 elven dagger named Sting (weapon in right hand). b - an uncursed +1 elven bow (alternate weapon; not wielded). You kill the grid bug! Warfrost bites the grid bug. You kill the grid bug! Warfrost bites the grid bug. Warfrost misses the grid bug. You kill the grid bug! Warfrost misses the coyote. You hear some noises. You see here an acid blob corpse. What do you want to wield? [- abcd or ?*] b - an uncursed +1 elven bow (weapon in right hand). a - an uncursed +1 elven dagger named Sting (alternate weapon; not wielded). The fire ant bites! The fire ant misses! The fire ant bites! The fire ant misses! In what direction? You shoot 2 elven arrows. The 1st elven arrow misses the fire ant. The 2nd elven arrow hits the fire ant! The fire ant bites! The fire ant bites again! You're on fire! You die... Inventory: Coins ('$') $ - 271 gold pieces Amulets ('"') r - an uncursed amulet of restful sleep Weapons (')') c - 47 blessed +2 elven arrows (in quiver) d - 46 uncursed +0 elven arrows b - an uncursed +1 elven bow (weapon in right hand) a - the uncursed +1 Sting (alternate weapon; not wielded) Armor ('[') k - an uncursed +0 orcish helm (being worn) E - a blessed +1 pair of low boots (being worn) e - an uncursed +2 elven cloak (being worn) Comestibles ('%') L - an uncursed orange x - an uncursed carrot t - 3 uncursed cram rations v - an uncursed food ration M - an uncursed fortune cookie f - 4 uncursed lembas wafers J - 3 uncursed tripe rations H - an uncursed lichen corpse T - an uncursed lizard corpse Scrolls ('?') n - an uncursed scroll of charging Q - an uncursed scroll of destroy armor B - an uncursed scroll of enchant armor F - an uncursed scroll of fire U - an uncursed scroll of food detection u - a cursed scroll of identify R - an uncursed scroll of remove curse Spellbooks ('+') l - an uncursed spellbook of protection Potions ('!') w - a blessed potion of blindness y - an uncursed potion of blindness p - an uncursed potion of confusion o - a blessed potion of gain level m - 2 uncursed potions of healing z - an uncursed potion of monster detection A - an uncursed potion of restore ability C - an uncursed potion of water Rings ('=') I - a blessed +2 ring of gain strength (on left hand) N - an uncursed ring of warning (on right hand) Tools ('(') q - a cursed towel MalkMcJorma the Ranger's attributes: Background: You were a Trailblazer, a level 6 male elven Ranger. You were chaotic, on a mission for Mars who was opposed by Mercury (lawful) and Venus (neutral). You were right-handed. You were in the Dungeons of Doom, on level 8. You entered the dungeon 3098 turns ago. You had 546 experience points, 94 more were needed to attain level 7. Basics: You had 0 out of 42 hit points. You had all 36 energy points (spell power). Your armor class was 4. Your wallet contained 271 zorkmids. Autopickup was off. Final Characteristics: Your strength was 17 (base:15, limit:18). Your dexterity was 11 (limit:18). Your constitution was 15 (limit:16). Your intelligence was 13 (limit:20). Your wisdom was 13 (limit:20). Your charisma was 9 (limit:18). Final Status: You weren't hungry. You were unencumbered. You were wielding a bow. You had basic skill with bow. Final Attributes: You were piously aligned. You were sleep resistant. You were warned. You had automatic searching. You had infravision. You were stealthy. You were warded. You are dead. Miscellaneous: You disabled loading of bones levels. Total elapsed playing time was 28 minutes and 27 seconds. Major events: Turn 1: MalkMcJorma the chaotic male elven Ranger entered the dungeon 2: became literate by naming Sting 762: attained the rank of Lookout (level 3) 1058: entered the Gnomish Mines 1554: entered Sokoban 2445: attained the rank of Trailblazer (level 6) 3098: killed by a fire ant Vanquished creatures: a giant beetle 2 lizards 3 fire ants a mountain nymph a rock piercer a gnomish wizard 2 gray oozes a giant ant 2 floating eyes 8 hill orcs a rothe a rabid rat a giant bat a werejackal 3 killer bees an acid blob 7 coyotes a gas spore 2 hobbits 2 manes a hobgoblin a giant rat a brown mold a yellow mold a red mold 5 garter snakes a gnome zombie 2 geckos 4 jackals a fox a kobold 4 goblins a sewer rat 10 grid bugs 2 bats 2 lichens 7 newts 87 creatures vanquished. No species were genocided or became extinct. Voluntary challenges: You read items or engraved 1 time. You never engraved Elbereth. You never genocided any monsters. You never polymorphed an object. You never changed form. You used no wishes. You did not violate any of the special Sokoban rules. Achievements: You entered a shop. You attained the rank of Lookout. You entered the Gnomish Mines. You entered Sokoban. You attained the rank of Trailblazer. The Dungeons of Doom: levels 1 to 9 Level 1: An altar, some graves. Level 2: "Vault" Level 3: A fountain. Level 4: Stairs down to The Gnomish Mines. Level 5: Level 6: A fountain. Stairs up to Sokoban, level 5. Level 7: A grave. Level 8: <- You were here. A sink. Final resting place for you, killed by a fire ant. Level 9: The Gnomish Mines: Level 5: Sokoban: Level 5: Unsolved. Game over: ---------- / \ / REST \ / IN \ / PEACE \ / \ | MalkMcJorma | | 271 Au | | killed by a fire | | ant | | | | | | 2024 | *| * * * | * _________)/\\_//(\/(/\)/\//\/|_)_______ Goodbye MalkMcJorma the Ranger... You died in The Dungeons of Doom on dungeon level 8 with 2828 points, and 271 pieces of gold, after 3098 moves. You were level 6 with a maximum of 42 hit points when you died.